 Dungeon Crawl Stone Soup version 0.28-a0-503-g83f2989fac (webtiles) character file.

Game seed: 16989490889488282787

10253 siradein the Archer (level 11, -16/63 HPs)
             Began as a Deep Elf Hunter on Sept 21, 2021.
             Was a High Priest of Okawaru.
             Killed by refrigeration
             ... invoked by Fannar
              (20 damage)
             ... on level 10 of the Dungeon.
             The game lasted 01:01:24 (18444 turns).

siradein the Archer (Deep Elf Hunter)              Turns: 18444, Time: 01:01:24

Health: -16/63     AC: 15    Str:  9    XL:     11   Next: 33%
Magic:  16/16      EV: 15    Int: 17    God:    Okawaru [*****.]
Gold:   426        SH:  0    Dex: 24    Spells: 10/10 levels left

rFire   . . .      SeeInvis .   a - +1 shortbow
rCold   . . .      Faith    .   (shield currently unavailable)
rNeg    . . .      Spirit   .   C - +0 swamp dragon scales
rPois   +          Reflect  .   (no helmet)
rElec   .          Harm     .   (no cloak)
rCorr   .          Rampage  .   h - +0 pair of gloves
Will    +....                   S - +1 pair of boots
Stlth   +++.......              (no amulet)
HPRegen 0.20/turn               o - +4 ring of protection
MPRegen 0.15/turn               O - +6 ring of dexterity

@: no status effects
A: no striking features
a: Renounce Religion, Heroism, Finesse, Duel


You were on level 10 of the Dungeon.
You worshipped Okawaru.
Okawaru was extremely pleased with you.
You visited 2 branches of the dungeon, and saw 11 of its levels.

You collected 587 gold pieces.
You spent 161 gold pieces at shops.

Inventory:

Hand Weapons
 a - a +1 shortbow (weapon)
 p - a +0 hunting sling
 B - a +1 short sword of venom
 H - the +7 hand crossbow of the Scorching Hero {freeze, rN+ rCorr Stlth+}
   (You bought it in a shop on level 1 of the Dungeon)

   Any ammunition fired from it freezes those it strikes, dealing additional
   cold damage.
   It can also slow down cold-blooded creatures.
   rN:        It protects you from negative energy.
   rCorr:     It protects you from acid and corrosion.
   Stlth:     It makes you more stealthy.
Missiles
 b - 39 poisoned darts
 d - 122 arrows (quivered ammo)
 q - 106 sling bullets
 x - 4 javelins
 A - 44 bolts
Armour
 h - a +0 pair of gloves (worn)
 C - +0 swamp dragon scales (worn)
 L - +0 steam dragon scales
 S - a +1 pair of boots (worn)
Jewellery
 o - a +4 ring of protection (left hand)
 D - a ring of fire
 O - a +6 ring of dexterity (right hand)
 P - a +4 ring of evasion
 R - a ring of positive energy
Wands
 t - a wand of polymorph (26)
 G - a wand of acid (7)
 N - a wand of flame (25)
 Q - a wand of iceblast (10)
Scrolls
 c - 2 scrolls of summoning {unknown}
 g - 3 scrolls of noise {unknown}
 i - 2 scrolls of magic mapping
 l - 3 scrolls of immolation
 r - a scroll of enchant weapon {unknown}
 s - a scroll of amnesia {unknown}
 v - 3 scrolls of holy word {unknown}
 y - a scroll of teleportation
 I - 5 scrolls of vulnerability {unknown}
 J - 2 scrolls of acquirement {unknown}
 K - a scroll of torment {unknown}
 M - 2 scrolls of enchant armour {unknown}
Potions
 e - a potion of ambrosia {unknown}
 f - 3 potions of heal wounds
 j - a potion of magic {unknown}
 k - 2 potions of brilliance
 m - 2 potions of lignification
 n - 2 potions of resistance
 u - 5 potions of curing
 w - 2 potions of berserk rage {unknown}
 z - 3 potions of haste
 E - a potion of mutation {unknown}
 F - 4 potions of flight {unknown}


   Skills:
 + Level 5.1 Fighting
 - Level 14.0 Bows
 + Level 5.1 Crossbows
 + Level 4.5 Armour
 + Level 7.3 Dodging
 + Level 6.4 Stealth
 + Level 5.2 Invocations
 + Level 6.1 Evocations


You had 10 spell levels left.
You didn't know any spells.
Your spell library contained the following spells:

 Spells                   Type           Power      Damage    Failure   Level
 Slow                     Hex            0%         N/A       65%         2
 Confusing Touch          Hex            0%         N/A       87%         3
 Ignite Poison            Fire/Tmut/Pois 0%         N/A       87%         3
 Mephitic Cloud           Conj/Pois/Air  0%         N/A       87%         3
 Airstrike                Air            0%         N/A       99%         4
 Freezing Cloud           Conj/Ice/Air   0%         6-21      100%        5
 Lightning Bolt           Conj/Air       0%         1d11      100%        5
 Yara's Violent Unravell  Hex/Tmut       0%         3d3       100%        5
 Summon Lightning Spire   Summ/Air       Unusable   N/A       N/A         4

Dungeon Overview and Level Annotations

Branches:
Dungeon (10/15)            Temple (1/1) D:5            Lair (0/6) D:8
    Orc (0/2) D:10

Altars:
Ashenzari
Cheibriados
Dithmenos
Elyvilon
Fedhas
Gozag
Hepliaklqana
Kikubaaqudgha
Makhleb
Nemelex Xobeh
Okawaru
Qazlal
Ru
Sif Muna
Trog
Uskayaw
Vehumet
Wu Jian
Xom
Yredelemnul
Zin
The Shining One

Shops:
D:1 ([*   D:5 (

Annotations:
D:4 3 runed translucent doors, FilthyApe's ghost, amateur MiFi
D:10 Fannar


Message History

The arrow hits Fannar but does no damage.
You shoot an arrow.
The arrow hits Fannar but does no damage.
You shoot an arrow.
The arrow hits Fannar but does no damage.
You shoot an arrow. The arrow misses Fannar.
You shoot an arrow. The arrow hits Fannar.
Fannar is lightly wounded.
You shoot an arrow. The arrow closely misses Fannar.
You shoot an arrow. The arrow closely misses Fannar.
You shoot an arrow. The arrow closely misses Fannar.
You shoot an arrow. The arrow barely misses Fannar.
Fannar says, "Does this not give you the chills?"
Fannar gestures at you while chanting. The bolt of cold misses you.
You shoot an arrow. The arrow misses Fannar.
You shoot an arrow. The arrow hits Fannar!
Fannar is lightly wounded.
You shoot an arrow.
The arrow hits Fannar but does no damage.
Fannar is lightly wounded.
You shoot an arrow.
The arrow hits Fannar but does no damage.
Fannar is lightly wounded.
Fannar murmurs some mystic words to themself.
Fannar closely misses you.
You shoot an arrow. The arrow hits Fannar.
Fannar is lightly wounded.
Fannar hits you but does no damage. Fannar freezes you!
You shoot an arrow. The arrow closely misses Fannar.
You shoot an arrow. The arrow barely misses Fannar.
Fannar casts a spell.
Fannar drains the heat from the surrounding environment!
You are too injured to fight recklessly!
Fannar gestures wildly while chanting.
Fannar drains the heat from the surrounding environment!
* * * LOW HITPOINT WARNING * * *
Fannar casts a spell.
Fannar drains the heat from the surrounding environment!
You die...

##.## #.#
#######.# ##
#.####...(....
.#
#......).....#
.#
######.#######
.# #.# .# #.#
.# #.#########
.# #.......@.#
.# #########.#
.# #.# .# #e#
.# #.# .# #.#
.# #(# .# #(#
## #.#


You could see Fannar.

Vanquished Creatures
  2 two-headed ogres (D:10)
  Maggie (D:9)
  2 shadows (D:10)
  27 yaks
  3 steam dragons
  4 water moccasins
  A sky beast (D:7)
  An orc warrior (D:8)
  A necrophage (D:3)
  An ogre (D:5)
  3 centaurs
  2 phantoms
  3 kobold brigands
  Blork the orc (D:4)
  2 bullfrogs
  A gnoll sergeant (D:8)
  A scorpion (D:4)
  A wyvern zombie (D:5)
  4 killer bees (D:8)
  A troll zombie (D:10)
  4 howler monkeys
  2 bullfrog zombies
  4 crimson imps (D:6)
  4 centaur zombies
  7 orc priests
  A gnoll shaman (D:9)
  5 hounds
  3 jellies
  7 orc wizards
  5 ogre zombies (D:10)
  2 hound skeletons
  A howler monkey zombie (D:8)
  8 gnolls
  9 adders
  A howler monkey skeleton (D:7)
  2 shadow imps
  A worm (D:4)
  2 dart slugs (D:1)
  25 orcs
  12 ball pythons
  8 bats
  4 endoplasms
  3 giant cockroaches
  9 goblins
  4 hobgoblins
  3 jackals
  23 kobolds
  2 quokkas
  5 frilled lizards
  2 goblin zombies (D:10)
  2 hobgoblin skeletons (D:10)
  5 hobgoblin zombies (D:10)
  2 orc skeletons (D:10)
  7 orc zombies (D:10)
  9 rats
255 creatures vanquished.

Vanquished Creatures (others)
  A water moccasin zombie (D:7)
  An orc (D:6)
2 creatures vanquished.

Grand Total: 257 creatures vanquished

Notes
Turn   | Place    | Note
-------+----------+-------------------------------------------
     0 | D:1      | siradein the Deep Elf Hunter began the quest for the Orb.
     0 | D:1      | Reached XP level 1. HP: 12/12 MP: 3/3
   363 | D:1      | Found Sugroy's Armour Shop.
   424 | D:1      | Reached XP level 2. HP: 16/16 MP: 4/4
   431 | D:1      | Reached skill level 6 in Bows
   838 | D:1      | Found Wyhyd's Antique Weapon Boutique.
   929 | D:1      | Found Qetis's Assorted Antiques.
  1038 | D:2      | Found a faded altar of an unknown god.
  1213 | D:2      | Reached XP level 3. HP: 11/20 MP: 5/5
  1588 | D:2      | Reached skill level 7 in Bows
  2192 | D:2      | Reached XP level 4. HP: 22/25 MP: 6/6
  3150 | D:3      | Reached skill level 8 in Bows
  3892 | D:3      | Reached XP level 5. HP: 16/29 MP: 7/7
  4144 | D:4      | Noticed a necrophage
  4189 | D:3      | Killed a necrophage
  4190 | D:3      | Reached skill level 9 in Bows
  4454 | D:4      | Reached XP level 6. HP: 26/34 MP: 8/8
  4549 | D:4      | Reached skill level 10 in Bows
  5233 | D:4      | Found a runed translucent gate.
  5234 | D:4      | Found a runed translucent gate.
  5234 | D:4      | Found a runed translucent gate.
  5234 | D:4      | Found an opulent altar of Gozag.
  5234 | D:4      | Noticed a water moccasin
  5236 | D:4      | Noticed FilthyApe's ghost (amateur MiFi)
  5473 | D:4      | Noticed Blork the orc
  5810 | D:4      | Killed Blork the orc
  5811 | D:4      | Reached skill level 11 in Bows
  5811 | D:4      | Reached XP level 7. HP: 34/38 MP: 9/9
  6316 | D:4      | Identified the +0 ring mail "Onkag" {Harm Int+4}
  6422 | D:5      | Entered Level 5 of the Dungeon
  6474 | D:5      | HP: 1/38 [wyvern zombie (2)]
  6946 | D:5      | Reached skill level 12 in Bows
  7122 | D:5      | Found Erergh's Weapon Boutique.
  7681 | D:1      | Bought a fine hand crossbow for 161 gold pieces
  7681 | D:1      | Identified the +7 hand crossbow of the Scorching Hero
                  | {freeze, rN+ rCorr Stlth+} (You bought it in a shop on
                  | level 1 of the Dungeon)
  7891 | D:5      | Found an ornate altar of the Wu Jian Council.
  8017 | D:5      | Found a staircase to the Ecumenical Temple.
  8032 | Temple   | Entered the Ecumenical Temple
  8130 | Temple   | Became a worshipper of Warmaster Okawaru
  8683 | D:6      | Noticed a steam dragon
  9023 | D:5      | Reached XP level 8. HP: 8/43 MP: 10/10
  9398 | D:6      | Reached skill level 13 in Bows
  9682 | D:6      | Found a shimmering altar of Xom.
 10161 | D:6      | Reached * piety under Okawaru
 10693 | D:6      | Reached skill level 14 in Bows
 10906 | D:7      | Reached skill level 1 in Evocations
 10918 | D:7      | Reached skill level 1 in Crossbows
 11039 | D:7      | Reached skill level 1 in Armour
 11344 | D:7      | Reached XP level 9. HP: 49/49 MP: 11/11
 11854 | D:7      | Found a hide-covered altar of Uskayaw.
 12572 | D:8      | Reached skill level 1 in Invocations
 12622 | D:8      | Reached ** piety under Okawaru
 13351 | D:8      | Reached skill level 5 in Dodging
 13589 | D:8      | Found a staircase to the Lair.
 13590 | D:8      | Noticed a death yak
 13597 | D:8      | Noticed a death yak
 13795 | D:8      | Noticed a death yak
 13800 | D:8      | Noticed a death yak
 13806 | D:8      | Noticed a death yak
 13806 | D:8      | Noticed a death yak
 14350 | D:8      | You fall into a shaft and drop 1 floor!
 14655 | D:9      | Reached *** piety under Okawaru
 14656 | D:9      | Reached XP level 10. HP: 35/56 MP: 12/14
 15526 | D:9      | Received a gift from Okawaru
 15778 | D:9      | Reached skill level 5 in Evocations
 15881 | D:9      | Reached skill level 5 in Stealth
 15925 | D:9      | Reached **** piety under Okawaru
 16131 | D:9      | Found an ancient bone altar of Kikubaaqudgha.
 16259 | D:9      | Noticed Maggie
 16390 | D:9      | Received a gift from Okawaru
 16566 | D:9      | Killed Maggie
 17074 | D:10     | Entered Level 10 of the Dungeon
 17363 | D:10     | Noticed a two-headed ogre
 17371 | D:10     | Killed a two-headed ogre
 17371 | D:10     | Received a gift from Okawaru
 17372 | D:10     | Reached XP level 11. HP: 46/62 MP: 16/16
 17600 | D:10     | Received a gift from Okawaru
 17631 | D:10     | Found a staircase to the Orcish Mines.
 17771 | D:10     | Noticed a two-headed ogre
 17834 | D:10     | Killed a two-headed ogre
 18084 | D:10     | Reached skill level 5 in Fighting
 18084 | D:10     | Reached skill level 5 in Crossbows
 18084 | D:10     | Reached skill level 5 in Invocations
 18242 | D:10     | Reached ***** piety under Okawaru
 18422 | D:10     | Noticed Fannar
 18443 | D:10     | HP: 3/63 [Fannar/refrigeration (28)]
 18444 | D:10     | Killed from afar by Fannar

Illustrated notes

Levels and vault maps discovered:
D:1:      noname_arrival_rooms_in_the_neighbourhood, layout_loops_ring,
          serial_glass, glass_columns_b, glass_columns_a, glass_columns_a,
          glass_columns_a, serial_shops, shop, shop, nicolae_shop_stone
D:2:      minmay_razor_zed, layout_basic, hellmonk_ecumenical_altar_blasted
D:3:      layout_loops_ring
D:4:      layout_loops_ring, ebering_ghost_gozag, uniq_blork_the_orc
D:5:      layout_cave_pods, kennysheep_mini, minmay_temple_entry_junction_2,
          serial_shops, shop_statue, nicolae_underground_beach
D:6:      layout_loops_cross, led_xom_imps
D:7:      layout_rooms, nicolae_uskayaw_dance_studio
D:8:      layout_loops_ring, dpeg_lair_monsters, kennysheep_decorative_pillar,
          amcnicky_mini_pool_small
D:9:      layout_basic, nicolae_kikubaaqudgha_miasma_corner, uniq_maggie
D:10:     layout_loops_ring, zombieorc1_lemuel, uniq_fannar
Temple:   compressed_dpeg_circular_temple

Skill      XL: |  1  2  3  4  5  6  7  8  9 10 11 |
---------------+----------------------------------+-----
Bows           | 6 7 8 9 11 12 14 | 14.0
Evocations     | 2 4 5 6 |  6.1
Fighting       | 2 3 4 5 |  5.1
Crossbows      | 1 3 4 5 |  5.1
Dodging        | 3 5 6 7 |  7.3
Armour         | 1 3 4 |  4.5
Invocations    | 2 4 5 |  5.2
Stealth        | 3 5 6 |  6.4

Action                   |  1- 3 |  4- 6 |  7- 9 | 10-12 || total
-------------------------+-------+-------+-------+-------++-------
Melee: Short sword       |    92 |    60 |    13 |       ||   165
 Fire: Shortbow          |    42 |    67 |   342 |   433 ||   884
       Hunting sling     |    14 |   186 |   185 |     5 ||   390
       Hand crossbow     |       |       |   103 |    76 ||   179
Invok: Heroism           |       |       |       |     1 ||     1
  Use: Potion            |       |     1 |     1 |       ||     2
       Scroll            |       |       |     6 |     1 ||     7
 Stab: Sleeping          |     4 |       |       |       ||     4
Armor: Leather armour    |    45 |    84 |    57 |       ||   186
       Steam dragon scal |       |       |    74 |    34 ||   108
       Swamp dragon scal |       |       |       |    41 ||    41
Dodge: Dodged            |    88 |   122 |   249 |   160 ||   619

Table legend: (Time is in decaauts)
 A = Elapsed time spent in this place.
 B = Non-inter-level travel time spent in this place.
 C = Inter-level travel time spent in this place.
 D = Time resting spent in this place.
 E = Time spent auto-exploring this place.
 F = Levels seen in this place.
 G = Mean time per level.
                   A        B        C        D        E       F      G
               +--------+--------+--------+--------+--------+-----+--------+
         Total |  18267 |  17992 |    275 |   1905 |  11581 |  11 | 1660.6 |
       Dungeon |  18141 |  17866 |    275 |   1905 |  11522 |  10 | 1814.1 |
        Temple |    126 |    126 |      0 |      0 |     59 |   1 |  126.0 |
               +--------+--------+--------+--------+--------+-----+--------+

Top non-repeatable levels by time:
     D:9: 2421 daAuts
     D:5: 2240 daAuts
     D:4: 2133 daAuts
     D:3: 2095 daAuts
     D:6: 1831 daAuts
     D:8: 1805 daAuts
     D:7: 1652 daAuts
     D:2: 1627 daAuts
     D:1: 1204 daAuts
    D:10: 1129 daAuts
  Temple: 126 daAuts
